 Dungeon Crawl Stone Soup version 0.30.0-29-ga12c61a403 (webtiles) character file.

Game seed: 15198838423745776486

163187 GimliDwarf the Warmonger (level 17, -6/162 HPs)
             Began as a Gnoll Hexslinger on June 8, 2023.
             Was a High Priest of Okawaru.
             Mangled by an anaconda (11 damage)
             ... led by a naga ritualist
             ... on level 2 of the Snake Pit.
             The game lasted 03:17:22 (36592 turns).

GimliDwarf the Warmonger (Gnoll Hexslinger)        Turns: 36592, Time: 03:17:23

Health: -6/162     AC: 14    Str: 12    XL:     17   Next: 53%
Magic:  33/33      EV: 15    Int: 17    God:    Okawaru [*****.]
Gold:   519        SH:  0    Dex: 20    Spells: 3/40 levels left

rFire   x . .        M - melded +7 falchion of Intense Watchfulness {speed, Str+3}
rCold   + + +        Y - melded +0 buckler "Xiafoil" {rN+}
rNeg    . . .        o - melded +5 acid dragon scales
rPois   +            w - melded +0 helmet of Gallantry {Regen+}
rElec   .            s - melded scarf {rC+ rF+}
rCorr   .            k - melded +2 pair of gloves {Str+3}
SInv    .            y - melded +2 pair of boots
Will    +....        I - amulet of regeneration
Stlth   +++++        x - +6 ring of dexterity
HPRegen 1.27/turn    u - +4 ring of protection
MPRegen 0.23/turn

%: no passive effects
@: ice-form, constricted
A: freezing attack, amphibious, boosted hp, large, (fangs 1), strong nose,
distributed training, (iridescent scales 1), (shaggy fur 1)
}: 1/15 runes: barnacled
a: End Transformation, Renounce Religion, Heroism, Finesse, Duel


You were on level 2 of the Snake Pit.
You worshipped Okawaru.
Okawaru was extremely pleased with you.
You were a creature of crystalline ice.
You visited 6 branches of the dungeon, and saw 25 of its levels.
You also visited: Volcano.

You collected 2681 gold pieces.
You spent 2162 gold pieces at shops.

Inventory:

Hand Weapons
 i - a +3 sling of freezing
 M - the +7 falchion of Intense Watchfulness (melded) {speed, Str+3}
   (You found it on level 8 of the Dungeon)

   Str:       It affects your strength (+3).
 S - the +2 longbow of the Exiled Violins {flame, +Blink rF+ Will+++ Int-3}
   (You took it off a merfolk impaler on level 3 of the Shoals)

   Int:       It affects your intelligence (-3).
   rF:        It protects you from fire.
   +Blink:    It lets you blink.
   Will:      It greatly increases your willpower.
Missiles
 a - 3 atropa-tipped darts
 l - 6 datura-tipped darts
 B - 7 throwing nets
 G - 9 silver javelins
 N - 9 curare-tipped darts
Armour
 k - a +2 pair of gloves of strength (melded)
 o - +5 acid dragon scales (melded)
 s - a scarf of resistance (melded)
 w - the +0 helmet of Gallantry (melded) {Regen+}
   (You found it on level 3 of the Dungeon)

   Regen:     It increases your rate of health regeneration.
 y - a +2 pair of boots (melded)
 F - the +8 plate armour of Ojamp {rC+}
   (Okawaru gifted it to you on level 4 of the Shoals)

   rC:        It protects you from cold.
 U - an orb of light
 X - the +0 pair of boots of the Armoured One {rF+ Will+}
   (Okawaru gifted it to you on level 3 of the Lair of Beasts)

   rF:        It protects you from fire.
   Will:      It increases your willpower.
 Y - the +0 buckler "Xiafoil" (melded) {rN+}
   (You found it on level 4 of the Shoals)

   rN:        It protects you from negative energy.
Jewellery
 f - a ring of positive energy
 q - a ring of magical power
 u - a +4 ring of protection (right front paw)
 x - a +6 ring of dexterity (left front paw)
 I - an amulet of regeneration (around neck)
 T - a ring of protection from cold
 Z - a ring of see invisible
Wands
 c - a wand of polymorph (6)
 j - a wand of mindburst (6)
 L - a wand of flame (15)
 P - a wand of paralysis (3)
 Q - a wand of digging (7)
Scrolls
 b - 2 scrolls of poison
 d - 3 scrolls of magic mapping
 e - 4 scrolls of fear
 t - 4 scrolls of teleportation
 z - 3 scrolls of fog
 R - 2 scrolls of amnesia
Potions
 g - a potion of magic
 h - a potion of might
 m - 6 potions of curing
 n - 4 potions of flight
 p - 2 potions of haste
 r - a potion of resistance
 C - 2 potions of brilliance
 H - a potion of heal wounds
 J - 5 potions of berserk rage
 K - a potion of ambrosia
 V - 3 potions of lignification
 W - 2 potions of mutation
Miscellaneous
 v - a phial of floods
 O - a lightning rod (4/4)


   Skills:
 + Level 12.4 Fighting
 + Level 12.1 Short Blades
 + Level 12.1 Long Blades
 + Level 12.1 Axes
 + Level 12.1 Maces & Flails
 + Level 12.1 Polearms
 + Level 12.1 Staves
 + Level 12.9 Ranged Weapons
 + Level 12.1 Throwing
 + Level 12.1 Armour
 + Level 12.9 Dodging
 + Level 12.1 Stealth
 + Level 12.1 Shields
 + Level 12.1 Unarmed Combat
 + Level 12.4 Spellcasting
 + Level 10.2 Conjurations
 + Level 11.6 Hexes
 + Level 10.2 Summonings
 + Level 10.2 Necromancy
 + Level 10.2 Translocations
 + Level 10.2 Transmutations
 + Level 10.2 Fire Magic
 + Level 10.2 Ice Magic
 + Level 10.2 Air Magic
 + Level 10.2 Earth Magic
 + Level 10.2 Poison Magic
 + Level 13.1 Invocations
 + Level 12.1 Evocations


You had 3 spell levels left.
You knew the following spells:

 Your Spells              Type           Power      Damage    Failure   Level
a - Slow                  Hex            100%       N/A       1%          1
b - Ice Form              Ice/Tmut       45%        N/A       1%          4
c - Portal Projectile     Hex/Tloc       94%        N/A       1%          3
d - Cause Fear            Hex            25%        N/A       1%          4
e - Manifold Assault      Tloc           45%        N/A       1%          4
f - Olgreb's Toxic Radia  Pois           45%        N/A       1%          4
g - Airstrike             Air            22%        2d(4-20)  1%          4
h - Stone Arrow           Conj/Erth      90%        3d12      1%          3
i - Yara's Violent Unrav  Hex/Tmut       23%        3d10      1%          5
j - Iskenderun's Battles  Conj           45%        2d10      2%          5

Your spell library contained the following spells:

 Spells                   Type           Power      Damage    Failure   Level
 Beastly Appendage        Tmut           90%        N/A       1%          1
 Sting                    Tmut/Pois      100%       1d8       1%          1
 Poisonous Vapours        Pois/Air       90%        N/A       1%          2
 Static Discharge         Conj/Air       90%        2-6/arc   1%          2
 Wereblood                Tmut           45%        N/A       1%          2
 Hailstorm                Conj/Ice       45%        3d10      1%          3
 Inner Flame              Hex/Fire       47%        N/A       1%          3
 Spider Form              Tmut/Pois      45%        N/A       1%          3
 Passage of Golubria      Tloc           45%        N/A       1%          4
 Dispersal                Tloc           22%        N/A       16%         6
 Iron Shot                Conj/Erth      22%        9d5       16%         6
 Disjunction              Tloc           22%        N/A       100%        8
 Lehudib's Crystal Spear  Conj/Erth      22%        10d6      100%        8
 Tukima's Dance           Hex            Unusable   N/A       N/A         3
 Animate Armour           Summ/Erth      Unusable   N/A       N/A         4
 Summon Lightning Spire   Summ/Air       Unusable   N/A       N/A         4
 Simulacrum               Ice/Necr       Unusable   N/A       N/A         6
 Spellforged Servitor     Conj/Summ      Unusable   N/A       N/A         7

Dungeon Overview and Level Annotations

Branches:
Dungeon (11/15)            Temple (1/1) D:6            Lair (5/5) D:9
 Shoals (4/4) Lair:2        Snake (2/4) Lair:2        Slime (0/5) Lair:5
    Orc (2/2) D:9             Elf (0/3) Orc:2       Volcano (visited)

Altars:
Ashenzari
Cheibriados
Dithmenos
Elyvilon
Fedhas
Gozag
Hepliaklqana
Kikubaaqudgha
Makhleb
Nemelex Xobeh
Okawaru
Qazlal
Ru
Sif Muna
Trog
Uskayaw
Vehumet
Wu Jian
Xom
Yredelemnul
Zin
The Shining One

Shops:
D:10 *   Orc:1 !   Orc:2 (:(   Shoals:4 *   Snake:1 *::=

Annotations:
D:7 2 runed translucent doors
D:11 Lodul, Nergalle


Innate Abilities, Weirdness & Mutations

You are a creature of crystalline ice.
You have a powerful freezing melee attack.
You are amphibious.
Your maximum health is increased.
Your armour is entirely melded.
You are incapable of wielding weapons or throwing items.
((You have very sharp teeth.))
Your uncanny sense of smell can sniff out nearby items.
Your experience applies equally to all skills.
((You are partially covered in iridescent scales. (AC +2)))
((You are covered in fur. (AC +1)))


Message History

You escape the anaconda's grasp.
The anaconda attacks as you move away! The anaconda bites you!
* * * LOW HITPOINT WARNING * * *
The anaconda attacks as you move away!
The anaconda bites you but does no damage.
The anaconda grabs you.
The anaconda bites you but does no damage.
The anaconda constricts you.
* * * LOW HITPOINT WARNING * * *
The black mamba closely misses you.
You escape the anaconda's grasp.
Okay, then.
Okay, then.
Casting: Ice Form (mildly dangerous; 1% risk of failure)
Confirm with . or Enter, or press ? or * to list all spells.
Aiming: Slow (safe; 1% risk of failure)
Press: ? - help, Shift-Dir - straight line, f - anaconda
Aim: an anaconda (severely wounded, chance to affect: 38%)
The anaconda resists with some effort.
The anaconda grabs you. The anaconda bites you!
* * * LOW HITPOINT WARNING * * *
The anaconda constricts you.
* * * LOW HITPOINT WARNING * * *
You escape the anaconda's grasp.
The anaconda attacks as you move away! The anaconda bites you!
* * * LOW HITPOINT WARNING * * *
The anaconda grabs you. The anaconda bites you.
* * * LOW HITPOINT WARNING * * *
The anaconda constricts you.
* * * LOW HITPOINT WARNING * * *
The naga warrior roars a battlecry!
The anaconda's grasp on you weakens, but your attempt to escape fails.
The anaconda misses you. The anaconda constricts you.
The black mamba bites you!
* * * LOW HITPOINT WARNING * * *
The anaconda closely misses you. The anaconda constricts you.
The black mamba bites you but does no damage.
The anaconda's grasp on you weakens, but your attempt to escape fails.
The anaconda bites you!
You die...

N..#####
#...###.....#
.#..##
##..N###.)..#
.##..#
#....##)#).#
..##.#
##....§.##†#
..##.#
##......#.#
####.#
####...##.#
###.### #.
#####..# ##.....#
#.###S.N.##
..)....#
#.#.YS####
##....># #.#.###
######### #...#
........#######.#
#######<........#
###########


You could see a naga warrior, an anaconda and a black mamba.

Vanquished Creatures
  Vashnia (Arena)
  Mlioglotl (Arena)
  Polyphemus (Shoals:2)
  Frances (Shoals:1)
  Kirke (Shoals:2)
  2 nagarajas (Snake:2)
  Ilsuiw (Arena)
  An orc warlord (Arena)
  Aizul (Snake:1)
  An ettin (Orc:2)
  7 merfolk impalers
  5 merfolk javelineers (Shoals:4)
  A fire dragon (Lair:5)
  A hydra (Lair:2)
  A catoblepas (Shoals:1)
  2 merfolk avatars (Shoals:4)
  2 alligator snapping turtles
  2 centaur warriors
  A boulder beetle (D:11)
  2 anacondas (Snake:2)
  2 satyrs (Shoals:4)
  6 death yaks
  7 merfolk aquamancers
  5 naga warriors
  3 two-headed ogres
  2 orc high priests (Orc:2)
  5 naga sharpshooters
  A hell knight (Volcano)
  Sonja (D:10)
  2 shock serpents (Snake:2)
  A salamander mystic (Snake:2)
  3 skysharks
  A swamp dragon (Lair:5)
  23 sea snakes
  A kraken simulacrum (Shoals:4)
  A glowing orange brain (shapeshifter) (D:8)
  A lindwurm (Lair:3)
  A mana viper (Snake:2)
  27 harpies
  3 orc knights
  5 orc sorcerers (Orc:2)
  3 cyclopes
  A faun (shapeshifter) (D:8)
  8 fauns
  13 manticores
  7 salamanders
  15 elephants
  11 black mambas
  A torpor snail (Lair:5)
  5 water nymphs
  7 merfolk sirens
  2 molten gargoyles (Volcano)
  A guardian serpent (Snake:2)
  Maggie (D:6)
  3 naga magi (Snake:2)
  5 cane toads
  An unseen horror (D:10)
  A yaktaur (Volcano)
  9 komodo dragons
  4 rime drakes
  An efreet (D:8)
  6 polar bears
  5 trolls
  A hornet (D:8)
  11 wind drakes
  9 saltlings (Orc:2)
  21 blink frogs
  34 merfolk
  4 dream sheep (Lair:3)
  8 snapping turtles
  A shadow (D:11)
  3 wraiths
  4 water elementals
  4 wyverns
  37 yaks
  Grum (D:8)
  3 humans (Shoals:2)
  Eustachio (D:5)
  2 fire bats (Volcano)
  3 basilisks
  2 vampire mosquitoes (D:10)
  3 hogs (Shoals:2)
  5 steam dragons
  12 nagas
  15 water moccasins
  6 wargs
  3 swamp drakes (Lair:5)
  4 ice beasts
  17 orc warriors
  11 black bears
  12 wolves
  6 centaurs
  11 ogres
  2 phantoms
  3 kobold brigands
  Blork the orc (D:6)
  15 bullfrogs
  A scorpion (Lair:3)
  7 wights
  3 killer bees (D:7)
  4 howler monkeys
  7 lava snakes (Volcano)
  5 hounds
  3 jellies
  3 gnoll boudas
  8 orc priests
  6 iguanas
  26 orc wizards
  9 adders
  16 gnolls
  A shadow imp (D:7)
  A white imp (D:5)
  An ufetubus (D:7)
  4 dart slugs
  54 orcs
  7 ball pythons
  5 bats
  6 endoplasms
  2 giant cockroaches
  8 goblins
  8 hobgoblins
  12 kobolds
  5 quokkas
  5 rats
738 creatures vanquished.

Vanquished Creatures (others)
  A satyr (Shoals:2)
  A swamp drake (Lair:5)
  4 tentacles (Shoals:4)
6 creatures vanquished.

Grand Total: 744 creatures vanquished

Notes
Turn   | Place    | Note
-------+----------+-------------------------------------------
     0 | D:1      | GimliDwarf the Gnoll Hexslinger began the quest for the
                  | Orb.
     0 | D:1      | Reached XP level 1. HP: 17/17 MP: 4/4
   385 | D:1      | Reached XP level 2. HP: 23/23 MP: 5/5
   847 | D:2      | Reached XP level 3. HP: 28/28 MP: 7/7
   985 | D:2      | Reached skill level 1 in Invocations
  1330 | D:2      | Learned a level 3 spell: Inner Flame
  1334 | D:2      | Learned a level 3 spell: Portal Projectile
  1366 | D:3      | Reached skill level 1 in Short Blades
  1366 | D:3      | Reached skill level 1 in Long Blades
  1366 | D:3      | Reached skill level 1 in Axes
  1366 | D:3      | Reached skill level 1 in Maces & Flails
  1366 | D:3      | Reached skill level 1 in Polearms
  1366 | D:3      | Reached skill level 1 in Staves
  1366 | D:3      | Reached skill level 1 in Throwing
  1366 | D:3      | Reached skill level 1 in Armour
  1366 | D:3      | Reached skill level 1 in Stealth
  1366 | D:3      | Reached skill level 1 in Shields
  1366 | D:3      | Reached skill level 1 in Unarmed Combat
  1366 | D:3      | Reached skill level 1 in Evocations
  1580 | D:3      | Identified the +0 helmet of Gallantry {Regen+}
  1592 | D:3      | Reached XP level 4. HP: 34/34 MP: 8/8
  1676 | D:3      | Identified the +0 robe of Henotheism {-Tele Rampage Regen+
                  | Dex+6}
  1970 | D:4      | Reached skill level 1 in Conjurations
  1970 | D:4      | Reached skill level 1 in Summonings
  1970 | D:4      | Reached skill level 1 in Necromancy
  1970 | D:4      | Reached skill level 1 in Translocations
  1970 | D:4      | Reached skill level 1 in Transmutations
  1970 | D:4      | Reached skill level 1 in Fire Magic
  1970 | D:4      | Reached skill level 1 in Ice Magic
  1970 | D:4      | Reached skill level 1 in Air Magic
  1970 | D:4      | Reached skill level 1 in Earth Magic
  1970 | D:4      | Reached skill level 1 in Poison Magic
  1986 | D:4      | Reached XP level 5. HP: 40/40 MP: 7/9
  2132 | D:4      | Found a basalt altar of Yredelemnul.
  2132 | D:4      | Found a sacrificial altar of Ru.
  2167 | D:4      | Reached skill level 2 in Invocations
  2185 | D:4      | Reached XP level 6. HP: 44/47 MP: 9/11
  2281 | D:4      | Reached skill level 5 in Ranged Weapons
  2281 | D:4      | Reached skill level 5 in Dodging
  2905 | D:5      | Entered Level 5 of the Dungeon
  2977 | D:5      | Found a sparkling altar of Nemelex Xobeh.
  3137 | D:5      | Found a snail-covered altar of Cheibriados.
  3513 | D:5      | Reached XP level 7. HP: 52/52 MP: 10/12
  3772 | D:6      | Noticed Eustachio
  3859 | D:5      | Reached skill level 3 in Invocations
  3952 | D:6      | Reached XP level 8. HP: 60/60 MP: 3/14
  4139 | D:6      | Noticed Maggie
  4174 | D:6      | Killed Maggie
  4175 | D:6      | Reached skill level 4 in Invocations
  4230 | D:5      | Killed Eustachio
  4297 | D:6      | Reached XP level 9. HP: 66/66 MP: 7/16
  4352 | D:6      | Reached skill level 5 in Spellcasting
  4431 | D:6      | Noticed Blork the orc
  4435 | D:6      | Killed Blork the orc
  4803 | D:6      | Reached skill level 5 in Fighting
  5104 | D:6      | Found a staircase to the Ecumenical Temple.
  5110 | Temple   | Entered the Ecumenical Temple
  5207 | Temple   | Became a worshipper of Warmaster Okawaru
  5295 | D:6      | Identified the +7 whip "Feashrynk" {distort, Int+4}
  5760 | D:7      | Found a large runed translucent door.
  5760 | D:7      | Found a large runed translucent door.
  5838 | D:7      | Reached skill level 5 in Invocations
  6150 | D:7      | Found a blossoming altar of Fedhas.
  6725 | D:7      | Found a shimmering altar of Xom.
  6750 | D:7      | Learned a level 4 spell: Cause Fear
  6800 | D:7      | Reached * piety under Okawaru
  7001 | D:8      | Reached skill level 5 in Short Blades
  7001 | D:8      | Reached skill level 5 in Long Blades
  7001 | D:8      | Reached skill level 5 in Axes
  7001 | D:8      | Reached skill level 5 in Maces & Flails
  7001 | D:8      | Reached skill level 5 in Polearms
  7001 | D:8      | Reached skill level 5 in Staves
  7001 | D:8      | Reached skill level 5 in Throwing
  7001 | D:8      | Reached skill level 5 in Armour
  7001 | D:8      | Reached skill level 5 in Stealth
  7001 | D:8      | Reached skill level 5 in Shields
  7001 | D:8      | Reached skill level 5 in Unarmed Combat
  7001 | D:8      | Reached skill level 5 in Evocations
  7001 | D:8      | Reached XP level 10. HP: 76/76 MP: 8/18
  7054 | D:8      | Noticed Grum
  7069 | D:8      | Killed Grum
  7132 | D:8      | Reached ** piety under Okawaru
  7403 | D:8      | Noticed a faun
  7451 | D:8      | Killed a faun
  7452 | D:8      | Reached skill level 6 in Invocations
  7644 | D:8      | Noticed a two-headed ogre
  7706 | D:8      | Killed a two-headed ogre
  7706 | D:8      | Reached *** piety under Okawaru
  7777 | D:8      | Identified the +7 falchion of Intense Watchfulness {speed,
                  | Str+3}
  8057 | D:8      | Noticed a glowing orange brain
  8071 | D:8      | Killed a glowing orange brain
  8249 | D:8      | Reached skill level 5 in Conjurations
  8249 | D:8      | Reached skill level 5 in Summonings
  8249 | D:8      | Reached skill level 5 in Necromancy
  8249 | D:8      | Reached skill level 5 in Translocations
  8249 | D:8      | Reached skill level 5 in Transmutations
  8249 | D:8      | Reached skill level 5 in Fire Magic
  8249 | D:8      | Reached skill level 5 in Ice Magic
  8249 | D:8      | Reached skill level 5 in Air Magic
  8249 | D:8      | Reached skill level 5 in Earth Magic
  8249 | D:8      | Reached skill level 5 in Poison Magic
  8249 | D:8      | Reached XP level 11. HP: 71/83 MP: 7/21
  8564 | D:9      | Reached **** piety under Okawaru
  8598 | D:8      | Learned a level 2 spell: Static Discharge
  9033 | D:9      | Found a staircase to the Orcish Mines.
  9352 | D:9      | Found a staircase to the Lair.
  9786 | D:8      | Reached skill level 7 in Invocations
  9995 | D:10     | Entered Level 10 of the Dungeon
  9999 | D:10     | Found Gyguoneihae's General Store.
  9999 | D:10     | Noticed a two-headed ogre
 10006 | D:10     | Killed a two-headed ogre
 10146 | D:9      | Learned a level 4 spell: Olgreb's Toxic Radiance
 10165 | D:10     | Noticed a two-headed ogre
 10196 | D:10     | Killed a two-headed ogre
 10196 | D:10     | Reached ***** piety under Okawaru
 10196 | D:10     | Received a gift from Okawaru
 10383 | D:10     | Found a shadowy altar of Dithmenos.
 10394 | D:10     | Noticed Sonja
 10400 | D:10     | Killed Sonja
 10875 | D:11     | Received a gift from Okawaru
 11048 | D:11     | Noticed Lodul
 11050 | D:11     | Noticed a boulder beetle
 11296 | D:11     | Identified the +0 chain mail of Lugonu's Reproof {Contam
                  | rElec Dex+3}
 11349 | D:11     | Noticed a cyclops
 11355 | D:11     | Noticed a manticore
 11357 | D:11     | Killed a cyclops
 11357 | D:11     | Identified the +0 ring mail "Giegreb" {Str+2 Int+3}
                  | (Okawaru gifted it to you on level 11 of the Dungeon)
 11357 | D:11     | Received a gift from Okawaru
 11358 | D:11     | Noticed Nergalle
 11370 | D:11     | Killed a boulder beetle
 11531 | Lair:1   | Entered Level 1 of the Lair of Beasts
 11574 | D:8      | Reached XP level 12. HP: 86/91 MP: 23/23
 11899 | Lair:1   | Reached skill level 8 in Invocations
 12664 | Lair:1   | Received a gift from Okawaru
 13350 | Lair:1   | Gained mutation: Your magical capacity is low. (-10% MP)
                  | [potion of mutation]
 13350 | Lair:1   | Gained mutation: You have hidden genetic potential. [potion
                  | of mutation]
 13350 | Lair:1   | Gained mutation: You are dopey. (Int -2) [potion of
                  | mutation]
 13351 | Lair:1   | Lost mutation: You are dopey. (Int -2) [potion of mutation]
 13351 | Lair:1   | Lost mutation: Your magical capacity is low. (-10% MP)
                  | [potion of mutation]
 13351 | Lair:1   | Gained mutation: You expend magic power (3 MP) to
                  | strengthen your wands. [potion of mutation]
 13351 | Lair:1   | Gained mutation: You are agile. (Dex +4, Str/Int -1)
                  | [potion of mutation]
 13351 | Lair:1   | Gained mutation: You have a pair of small horns on your
                  | head. [potion of mutation]
 13352 | Lair:1   | Lost mutation: You have a pair of small horns on your head.
                  | [potion of mutation]
 13352 | Lair:1   | Lost mutation: You expend magic power (3 MP) to strengthen
                  | your wands. [potion of mutation]
 13352 | Lair:1   | Lost mutation: You are agile. (Dex +4, Str/Int -1) [potion
                  | of mutation]
 13352 | Lair:1   | Gained mutation: You are agile. (Dex +4, Str/Int -1)
                  | [potion of mutation]
 13352 | Lair:1   | Gained mutation: Your body sometimes deteriorates upon
                  | taking damage. [potion of mutation]
 13352 | Lair:1   | Gained mutation: You occasionally lose the ability to read
                  | scrolls when taking damage. [potion of mutation]
 13352 | Lair:1   | Gained mutation: Your flesh is cold resistant. (rC+)
                  | [potion of mutation]
 13358 | Lair:1   | Lost mutation: You have hidden genetic potential. [potion
                  | of mutation]
 13358 | Lair:1   | Lost mutation: You occasionally lose the ability to read
                  | scrolls when taking damage. [potion of mutation]
 13358 | Lair:1   | Lost mutation: Your flesh is cold resistant. (rC+) [potion
                  | of mutation]
 13358 | Lair:1   | Gained mutation: You have hidden genetic defects. [potion
                  | of mutation]
 13359 | Lair:1   | Lost mutation: You have hidden genetic defects. [potion of
                  | mutation]
 13359 | Lair:1   | Lost mutation: You are agile. (Dex +4, Str/Int -1) [potion
                  | of mutation]
 13359 | Lair:1   | Lost mutation: Your body sometimes deteriorates upon taking
                  | damage. [potion of mutation]
 13359 | Lair:1   | Gained mutation: You are partially covered in iridescent
                  | scales. (AC +2) [potion of mutation]
 13359 | Lair:1   | Gained mutation: You are covered in fur. (AC +1) [potion of
                  | mutation]
 13401 | Lair:1   | Learned a level 4 spell: Airstrike
 13405 | Lair:1   | Learned a level 3 spell: Stone Arrow
 13936 | Lair:2   | Noticed an eight-headed hydra
 13941 | Lair:2   | Killed an eight-headed hydra
 14045 | Lair:2   | Reached XP level 13. HP: 98/99 MP: 2/25
 14267 | Lair:2   | Received a gift from Okawaru
 14268 | Lair:2   | Reached skill level 9 in Invocations
 14489 | Lair:2   | Found a staircase to the Snake Pit.
 14602 | Lair:2   | Found a staircase to the Shoals.
 15262 | Lair:3   | Found a dark tunnel.
 15271 | Volcano  | Entered a volcano
 15899 | Volcano  | Found a burning altar of Makhleb.
 16685 | Lair:3   | Identified the +0 pair of boots of the Armoured One {rF+
                  | Will+} (Okawaru gifted it to you on level 3 of the Lair of
                  | Beasts)
 16685 | Lair:3   | Received a gift from Okawaru
 16988 | Lair:3   | Reached ****** piety under Okawaru
 17221 | Lair:3   | Reached skill level 10 in Ranged Weapons
 17221 | Lair:3   | Reached skill level 10 in Dodging
 18012 | Lair:3   | Reached skill level 10 in Invocations
 18012 | Lair:3   | Reached XP level 14. HP: 108/108 MP: 22/27
 18711 | Lair:5   | Entered Level 5 of the Lair of Beasts
 18711 | Lair:5   | Found a glowing golden altar of the Shining One.
 18789 | Lair:5   | Found a staircase to the Slime Pits.
 18954 | Lair:5   | Received a gift from Okawaru
 20463 | Orc:1    | Entered Level 1 of the Orcish Mines
 20646 | Orc:1    | Found Tuymasao's Distillery.
 20649 | Orc:1    | Bought 2 potions of heal wounds for 160 gold pieces
 20649 | Orc:1    | Bought a potion of heal wounds for 80 gold pieces
 20746 | Orc:2    | Entered Level 2 of the Orcish Mines
 20754 | Orc:2    | Reached skill level 10 in Spellcasting
 20919 | Orc:2    | Found a staircase to the Elven Halls.
 21025 | Orc:2    | Reached skill level 10 in Fighting
 21654 | Orc:2    | Found Dunlo's Antique Weapon Shop.
 22360 | Orc:2    | Received a gift from Okawaru
 22438 | Orc:2    | Found Ohojur's Weapon Shoppe.
 22440 | Orc:2    | Found Xezagoir's Armour Shoppe.
 22462 | Orc:2    | Found Efinoguidgh's Book Shoppe.
 22462 | Orc:2    | Noticed an orc warlord
 22463 | Arena    | Entered the Arena
 22487 | Arena    | Killed an orc warlord
 22488 | Arena    | Reached skill level 10 in Hexes
 23142 | Orc:2    | Bought Great Wizards, Vol. VII for 390 gold pieces
 23142 | Orc:2    | Bought a book of the Tundra for 416 gold pieces
 23142 | Orc:2    | Bought a book of the Warp for 546 gold pieces
 23149 | Orc:2    | Learned a level 4 spell: Ice Form
 23154 | Orc:2    | Learned a level 4 spell: Manifold Assault
 23160 | Orc:2    | Learned a level 5 spell: Yara's Violent Unravelling
 23327 | Shoals:1 | Entered Level 1 of the Shoals
 23463 | Shoals:1 | Noticed Mlioglotl
 23464 | Shoals:1 | Noticed a black draconian
 23464 | Arena    | Entered the Arena
 23484 | Arena    | Killed Mlioglotl
 23485 | Arena    | Reached skill level 10 in Short Blades
 23485 | Arena    | Reached skill level 10 in Long Blades
 23485 | Arena    | Reached skill level 10 in Axes
 23485 | Arena    | Reached skill level 10 in Maces & Flails
 23485 | Arena    | Reached skill level 10 in Polearms
 23485 | Arena    | Reached skill level 10 in Staves
 23485 | Arena    | Reached skill level 10 in Throwing
 23485 | Arena    | Reached skill level 10 in Armour
 23485 | Arena    | Reached skill level 10 in Stealth
 23485 | Arena    | Reached skill level 10 in Shields
 23485 | Arena    | Reached skill level 10 in Unarmed Combat
 23485 | Arena    | Reached skill level 10 in Evocations
 23526 | Shoals:1 | Reached XP level 15. HP: 100/117 MP: 4/29
 23536 | Shoals:1 | Reached skill level 11 in Invocations
 23887 | Shoals:1 | Noticed Frances
 23894 | Shoals:1 | Killed Frances
 24247 | Shoals:1 | Received a gift from Okawaru
 24648 | Shoals:2 | Noticed Polyphemus
 24834 | Shoals:2 | Noticed Kirke
 25055 | Shoals:2 | Noticed Ilsuiw
 25056 | Arena    | Entered the Arena
 25106 | Arena    | Killed Ilsuiw
 26158 | Shoals:2 | Killed Kirke
 26415 | Shoals:2 | Received a gift from Okawaru
 26794 | D:10     | Bought a scroll of blinking for 90 gold pieces
 26794 | D:10     | Bought a phial of floods for 480 gold pieces
 27081 | Shoals:2 | Killed Polyphemus
 27416 | Shoals:3 | Received a gift from Okawaru
 27864 | Shoals:3 | Reached XP level 16. HP: 125/125 MP: 25/31
 28173 | Shoals:3 | Identified the +0 chain mail of the Jabberwock {Int+3}
 28225 | Shoals:3 | Received a gift from Okawaru
 28429 | Shoals:3 | Received a gift from Okawaru
 28430 | Shoals:3 | Reached skill level 12 in Invocations
 29283 | Shoals:3 | Learned a level 5 spell: Iskenderun's Battlesphere
 29286 | Shoals:4 | Entered Level 4 of the Shoals
 29555 | Shoals:4 | Identified the +8 plate armour of Ojamp {rC+} (Okawaru
                  | gifted it to you on level 4 of the Shoals)
 29555 | Shoals:4 | Received a gift from Okawaru
 29653 | Shoals:4 | Found Ackad's Gadget Gallery.
 30679 | Shoals:4 | HP: 2/127 [snapping turtle (8)]
 30711 | Shoals:3 | Identified the +2 longbow of the Exiled Violins {flame,
                  | +Blink rF+ Will+++ Int-3}
 32866 | Shoals:4 | Identified the +0 buckler "Xiafoil" {rN+}
 32898 | Shoals:4 | Received a gift from Okawaru
 33320 | Shoals:4 | Got a barnacled rune of Zot
 33584 | Shoals:4 | Reached XP level 17. HP: 116/133 MP: 16/33
 34140 | Snake:1  | Entered Level 1 of the Snake Pit
 34154 | Snake:1  | Noticed Aizul
 34174 | Snake:1  | Killed Aizul
 34308 | Snake:1  | Reached skill level 10 in Conjurations
 34308 | Snake:1  | Reached skill level 10 in Summonings
 34308 | Snake:1  | Reached skill level 10 in Necromancy
 34308 | Snake:1  | Reached skill level 10 in Translocations
 34308 | Snake:1  | Reached skill level 10 in Transmutations
 34308 | Snake:1  | Reached skill level 10 in Fire Magic
 34308 | Snake:1  | Reached skill level 10 in Ice Magic
 34308 | Snake:1  | Reached skill level 10 in Air Magic
 34308 | Snake:1  | Reached skill level 10 in Earth Magic
 34308 | Snake:1  | Reached skill level 10 in Poison Magic
 34577 | Snake:1  | Received a gift from Okawaru
 34897 | Snake:1  | Found Kaen's Jewellery Shop.
 34897 | Snake:1  | Found Najapt's Book Shoppe.
 34899 | Snake:1  | Found Atiuke's Book Shoppe.
 34932 | Snake:1  | Found Laqix's Assorted Antiques.
 35283 | Snake:2  | Noticed Vashnia
 35289 | Arena    | Entered the Arena
 35301 | Arena    | Killed Vashnia
 35302 | Arena    | Reached skill level 13 in Invocations
 36591 | Snake:2  | HP: 4/162 [black mamba[a naga ritualist] (9)]
 36592 | Snake:2  | Mangled by an anaconda

Illustrated notes

Levels and vault maps discovered:
D:1:      wander_arrival_chamber, layout_loops_ring, hangedman_glass_teeth,
          serial_bayou_pond_a
D:2:      layout_rooms, serial_curves, eino_curves_04, eino_curves_01,
          kennysheep_generic_room_16
D:3:      layout_basic
D:4:      layout_basic, jmf_multi_god_temple, minmay_hedge_maze
D:5:      layout_cave_pods, mainiacjoe_overflow_24_doors, kennysheep_slug_shrine
D:6:      layout_loops_ring, minmay_temple_entry_fiery,
          hangedman_decor_opposing, uniq_blork_the_orc, uniq_eustachio,
          uniq_maggie
D:7:      due_chaos_kobolds, layout_layer_cave, fedhas_altar_4
D:8:      minmay_quarter_circles, layout_loops_cross, uniq_grum
D:9:      layout_grid_maze, grunt_lair_entry_orc_guard_hut, david_orc_3
D:10:     layout_rooms, nicolae_dithmenos_shadow_blocks, serial_shops,
          shop_fountains, uniq_sonja
D:11:     layout_cave_pods, serial_shops, nicolae_lakefront_shop,
          minmay_parallelograms, uniq_josephine, uniq_nergalle, uniq_lodul
Temple:   lightli_temple_of_artemis
Lair:1:   layout_small_grid, infiniplex_staircase_pool_2
Lair:2:   layout_long_grid, elwin_shoals_entry_stream,
          guppyfry_snake_entry_garden
Lair:3:   beast_lair_carwin_large_3, layout_chaotic_city,
          nicolae_volcano_entry_vermiform
Lair:4:   layout_gridlike, beast_lair_carwin_2
Lair:5:   guppyfry_lair_end_dragon, layout_long_grid, slime_entry_1, basic_altar
Shoals:1: layout_shoals, uniq_mlioglotl, uniq_frances
Shoals:2: layout_shoals, uniq_polyphemus, uniq_ilsuiw, uniq_kirke
Shoals:3: cheibrodos_shoals_three_sisters, layout_shoals,
          nicolae_shoals_drake_roost
Shoals:4: shoals_end_grunt_ice, layout_shoals, nicolae_shop_gadgets
Snake:1:  layout_rooms, serial_shops, nicolae_shop_statue_plus,
          nicolae_snake_gridmaze_swirls, lemuel_fruit_tree, grunt_megastairs_2,
          minmay_shop_grove, uniq_aizul
Snake:2:  layout_rooms, nicolae_snake_snakewalk, uniq_vashnia
Orc:1:    layout_caves, serial_shops, nicolae_shop_tiny_real_fake_doors
Orc:2:    hellmonk_orc_salted, layout_caves, basic_altar

Skill      XL: |  1  2  3  4  5  6  7  8  9 10 11 12 13 14 15 16 17 |
---------------+----------------------------------------------------+-----
Invocations    | 1 2 3 4 5 6 7 8 10 11 12 13 | 13.1
Short Blades   | 1 2 3 5 6 7 8 9 10 11 12 | 12.1
Long Blades    | 1 2 3 5 6 7 8 9 10 11 12 | 12.1
Axes           | 1 2 3 5 6 7 8 9 10 11 12 | 12.1
Maces & Flails | 1 2 3 5 6 7 8 9 10 11 12 | 12.1
Polearms       | 1 2 3 5 6 7 8 9 10 11 12 | 12.1
Staves         | 1 2 3 5 6 7 8 9 10 11 12 | 12.1
Throwing       | 1 2 3 5 6 7 8 9 10 11 12 | 12.1
Armour         | 1 2 3 5 6 7 8 9 10 11 12 | 12.1
Stealth        | 1 2 3 5 6 7 8 9 10 11 12 | 12.1
Shields        | 1 2 3 5 6 7 8 9 10 11 12 | 12.1
Unarmed Combat | 1 2 3 5 6 7 8 9 10 11 12 | 12.1
Evocations     | 1 2 3 5 6 7 8 9 10 11 12 | 12.1
Spellcasting   | 3 4 5 6 7 8 9 10 11 12 | 12.4
Conjurations   | 1 2 3 4 5 6 7 8 9 10 | 10.2
Summonings     | 1 2 3 4 5 6 7 8 9 10 | 10.2
Necromancy     | 1 2 3 4 5 6 7 8 9 10 | 10.2
Translocations | 1 2 3 4 5 6 7 8 9 10 | 10.2
Transmutations | 1 2 3 4 5 6 7 8 9 10 | 10.2
Fire Magic     | 1 2 3 4 5 6 7 8 9 10 | 10.2
Ice Magic      | 1 2 3 4 5 6 7 8 9 10 | 10.2
Air Magic      | 1 2 3 4 5 6 7 8 9 10 | 10.2
Earth Magic    | 1 2 3 4 5 6 7 8 9 10 | 10.2
Poison Magic   | 1 2 3 4 5 6 7 8 9 10 | 10.2
Fighting       | 3 4 5 6 7 8 9 10 11 12 | 12.4
Ranged Weapons | 5 6 7 8 9 10 11 12 | 12.9
Dodging        | 5 6 7 8 9 10 11 12 | 12.9
Hexes          | 6 7 8 9 10 11 | 11.6

Action                     |  1- 3 |  4- 6 |  7- 9 | 10-12 | 13-15 | 16-18 || total
---------------------------+-------+-------+-------+-------+-------+-------++-------
  Melee: Sling             |       |       |       |     3 |       |       ||     3
         Falchion          |       |       |       |   198 |  1454 |   685 ||  2337
         Bite              |       |       |       |    22 |   218 |   109 ||   349
         Unarmed           |       |       |       |       |       |   270 ||   270
   Fire: Sling             |    62 |   100 |   237 |   458 |   187 |     7 ||  1051
  Throw: Dart              |       |       |       |     1 |       |     9 ||    10
   Cast: Slow              |     4 |    14 |     7 |     5 |     5 |     1 ||    36
         Portal Projectile |       |       |    24 |    51 |    18 |     1 ||    94
         Inner Flame       |       |       |     2 |       |       |       ||     2
         Cause Fear        |       |       |     1 |     2 |     2 |     2 ||     7
         Olgreb's Toxic Ra |       |       |       |    18 |   119 |    79 ||   216
         Static Discharge  |       |       |       |    11 |     2 |       ||    13
         Airstrike         |       |       |       |     9 |   110 |    97 ||   216
         Stone Arrow       |       |       |       |     2 |     3 |     4 ||     9
         Manifold Assault  |       |       |       |       |     2 |    14 ||    16
         Yara's Violent Un |       |       |       |       |     1 |       ||     1
         Iskenderun's Batt |       |       |       |       |       |     5 ||     5
         Ice Form          |       |       |       |       |       |    21 ||    21
 Invoke: Heroism           |       |       |       |     3 |     9 |     2 ||    14
         Finesse           |       |       |       |       |     5 |     2 ||     7
         Duel              |       |       |       |       |     3 |     1 ||     4
  Evoke: Wand              |       |       |       |     3 |     3 |     7 ||    13
         Lightning rod     |       |       |       |       |     9 |     1 ||    10
    Use: Scroll            |       |    12 |     7 |    10 |    13 |     3 ||    45
         Potion            |       |       |     2 |     7 |     9 |    13 ||    31
   Stab: Invisible         |       |       |       |       |     9 |       ||     9
         Sleeping          |       |       |       |       |     7 |     6 ||    13
         Confused          |       |       |       |       |     4 |       ||     4
 Armour: Robe              |     6 |    11 |    22 |       |       |       ||    39
         Acid dragon scale |       |       |    62 |   183 |   658 |   381 ||  1284
         Skin              |       |       |       |       |       |    69 ||    69
  Dodge: Dodged            |     8 |    33 |   153 |   347 |  1119 |   915 ||  2575
  Block: Buckler           |       |     9 |   105 |   227 |   676 |   440 ||  1457
